 Dungeon Crawl Stone Soup version 0.32-a0-571-gec57dfcd37 (webtiles) character file.

Game seed: 5521408178408558356

134623 anacleto the Metamorph (level 16, -3/184 HPs)
             Began as a Troll Shapeshifter on Mar 1, 2024.
             Was the Champion of the Shining One.
             Slain by a spriggan defender
             ... wielding a +3 vampiric lajatang
             ... led by the Enchantress
              (4 damage)
             ... on level 1 of the Depths.
             The game lasted 01:09:25 (24474 turns).

anacleto the Metamorph (Troll Shapeshifter)        Turns: 24474, Time: 01:09:27

Health: -3/184     AC: 19    Str: 37    XL:     16   Next: 62%
Magic:  17/23      EV: 17    Int:  6    God:    the Shining One [******]
Gold:   1601       SH:  0    Dex:  9    Spells: 15/15 levels left

rFire   . .          .
                       - Unarmed
rCold   . . .        (shield currently unavailable)
rNeg    + + +        w - melded +0 acid dragon scales
rPois   +            (helmet currently unavailable)
rElec   .            F - melded +1 cloak {Will+}
rCorr   .            (gloves unavailable)
SInv    .            (boots unavailable)
Will    +....        (no amulet)
Stlth   +            x - +5 ring of evasion
HPRegen 1.30/turn    L - +4 ring of protection
MPRegen 0.18/turn

%: no passive effects
@: mighty, snake-form, glowing
A: constrict, boosted hp, large, unfitting armour, (claws 3), regeneration 1,
(shaggy fur 1), (tough skin 1)
a: Begin Untransformation, Renounce Religion, Divine Shield, Cleansing Flame,
Summon Divine Warrior, Brand Weapon With Holy Wrath


You were on level 1 of the Depths.
You worshipped the Shining One.
The Shining One was exalted by your worship.
You were an enormous serpent.
You visited 5 branches of the dungeon, and saw 24 of its levels.
You also visited: Gauntlet.

You collected 2729 gold pieces.
You spent 1128 gold pieces at shops.

Inventory:

Missiles
 b - 12 poisoned darts
 f - 39 boomerangs (quivered)
 h - 2 throwing nets
 l - 33 large rocks
 H - 5 curare-tipped darts
 S - 6 silver javelins
Armour
 w - +0 acid dragon scales (melded)
 F - a +1 cloak of willpower (melded)
 X - +0 ice dragon scales
Jewellery
 i - a ring of flight
 x - a +5 ring of evasion (left hand)
 L - a +4 ring of protection (right hand)
 P - an amulet of faith
Talismans
 y - a serpent talisman (active)
Wands
 j - a wand of polymorph (30)
 k - a wand of quicksilver (3)
 o - a wand of paralysis (19)
 E - a wand of flame (42)
 O - a wand of iceblast (6)
 Y - a wand of digging (6)
Scrolls
 a - 7 scrolls of vulnerability
 d - a scroll of blinking
 e - 10 scrolls of teleportation
 m - 3 scrolls of revelation
 n - 9 scrolls of enchant weapon
 q - 2 scrolls of brand weapon
 r - 3 scrolls of fear {unknown}
 s - 4 scrolls of fog
 B - 2 scrolls of enchant armour
 C - 2 scrolls of poison
 I - 5 scrolls of noise {unknown}
 M - 3 scrolls of immolation {unknown}
 Q - a scroll of torment {unknown}
 T - 4 scrolls of silence {unknown}
Potions
 g - 2 potions of attraction
 t - 3 potions of haste
 u - 5 potions of brilliance
 v - 3 potions of magic
 z - a potion of curing
 A - 2 potions of might
 D - a potion of cancellation
 G - 7 potions of ambrosia
 J - 3 potions of lignification
 K - a potion of resistance
 U - a potion of enlightenment
Miscellaneous
 p - a condenser vane
 N - a phial of floods


   Skills:
 - Level 8.9 Fighting
 - Level 2.2 Throwing
 - Level 9.0 Dodging
 - Level 10.7 Unarmed Combat
 - Level 11.9 Invocations
 * Level 20.9 Shapeshifting


You had 15 spell levels left.
You didn't know any spells.
Your spell library contained the following spells:

 Spells                   Type           Power      Damage    Failure   Level
 Sting                    Conj/Alch      0%         1d3       45%         1
 Ensorcelled Hibernation  Hex/Ice        0%         N/A       58%         2
 Scorch                   Fire           0%         2d5       58%         2
 Sublimation of Blood     Necr           0%         N/A       58%         2
 Dazzling Flash           Conj/Hex       0%         N/A       83%         3
 Fugue of the Fallen      Necr           0%         N/A       83%         3
 Passwall                 Erth           0%         N/A       83%         3
 Swiftness                Air            0%         N/A       83%         3
 Tukima's Dance           Hex            0%         N/A       83%         3
 Volatile Blastmotes      Fire/Tloc      0%         2d10      83%         3
 Anguish                  Hex/Necr       0%         N/A       99%         4
 Brom's Barrelling Bould  Conj/Erth      0%         2d3       99%         4
 Cause Fear               Hex            0%         N/A       99%         4
 Dimensional Bullseye     Hex/Tloc       0%         N/A       99%         4
 Flame Wave               Conj/Fire      0%         2d4       99%         4
 Iskenderun's Mystic Bla  Conj/Tloc      0%         2d3       99%         4
 Passage of Golubria      Tloc           0%         N/A       99%         4
 Petrify                  Alch/Erth      0%         N/A       99%         4
 Fireball                 Conj/Fire      0%         3d3       100%        5
 Irradiate                Conj/Alch      0%         3d11      100%        5
 Iskenderun's Battlesphe  Conj           0%         2d6       100%        5
 Yara's Violent Unravell  Hex/Alch       0%         3d3       100%        5
 Bombard                  Conj/Erth      0%         9d1       100%        6
 Conjure Ball Lightning   Conj/Air       0%         3x3d6     100%        6
 Starburst                Conj/Fire      0%         6d3       100%        6
 Summon Cactus Giant      Summ           0%         N/A       100%        6
 Orb of Destruction       Conj           0%         9d5       100%        7
 Discord                  Hex            0%         N/A       100%        8
 Disjunction              Tloc           0%         N/A       100%        8
 Maxwell's Capacitive Co  Air            0%         ∞         100%        8
 Dragon's Call            Summ           0%         N/A       100%        9


Dungeon Overview and Level Annotations

Branches:
Dungeon (15/15)            Temple (1/1) D:4            Lair (5/5) D:10
  Swamp (0/4) Lair:3       Spider (0/4) Lair:2        Slime (0/5) Lair:4
    Orc (2/2) D:12            Elf (0/3) Orc:2        Vaults (0/5) D:13
 Depths (1/4) D:15        Gauntlet (visited)

Altars:
Ashenzari
Cheibriados
Dithmenos
Elyvilon
Fedhas
Gozag
Hepliaklqana
Kikubaaqudgha
Makhleb
Nemelex Xobeh
Okawaru
Qazlal
Ru
Sif Muna
Trog
Uskayaw
Vehumet
Wu Jian
Xom
Yredelemnul
Zin
The Shining One
Beogh

Shops:
D:10 (   D:11 *   D:13 *   Orc:2 *([*

Portals:
Trove: D:14 (give +2 storm dragon scales)


Innate Abilities, Weirdness & Mutations

You are an enormous serpent.
You have a powerful constriction melee attack.
Your maximum health is increased.
Your armour is entirely melded.
You are incapable of wielding weapons or throwing items.
You are too large for most types of armour.
((You have claws for hands.))
Your natural rate of healing is unusually fast.
((You are covered in fur. (AC +1)))
((You have tough skin. (AC +1)))


Message History

The Enchantress is almost dead.
You constrict the Enchantress, but do no damage.
The spriggan defender misses you.
The Enchantress hits you but does no damage.
Space warps horribly around you!!
Unknown command.
You barely miss the Enchantress.
The Enchantress is almost dead.
You constrict the Enchantress.
The spriggan defender hits you with a +3 vampiric lajatang!!
The Enchantress blocks your daeva's attack. x2
The Enchantress hits you but does no damage.
Space warps horribly around you!
You closely miss the Enchantress.
The Enchantress is almost dead.
You constrict the Enchantress, but do no damage.
The spriggan defender misses you.
Your daeva hits the Enchantress with a +2 scimitar of holy wrath.
The Enchantress blocks your daeva's attack.
The spriggan defender hits you with a +3 vampiric lajatang!!
* * * LOW HITPOINT WARNING * * *
The Enchantress hits you with a +1 flail of distortion.
* * * LOW HITPOINT WARNING * * *
Space warps around you.
* * * LOW HITPOINT WARNING * * *
You closely miss the Enchantress.
The Enchantress is almost dead.
You constrict the Enchantress.
You kill the Enchantress!
The spriggan defender hits you with a +3 vampiric lajatang!
* * * LOW HITPOINT WARNING * * *
Your daeva calls down the wrath of the Shining One upon the spriggan defender.
The spriggan defender is smitten.
You feel very mighty all of a sudden.
The spriggan defender hits you with a +3 vampiric lajatang!!
* * * LOW HITPOINT WARNING * * *
Your daeva calls down the wrath of the Shining One upon the spriggan defender.
The spriggan defender is smitten.
The spriggan defender hits you with a +3 vampiric lajatang.
You die...

##+########
#.........#
#>........#
#.........#
#......)..#
#.....÷.<.#
+.......SA#
#.......)i+
#.......).#
#######'###
#..# #.##
#[# #(# #.#


You could see a spriggan defender (ally target) and a friendly daeva (summoned).

Vanquished Creatures
  the Enchantress (Depths:1)
  Kirke (D:13)
  3 orc warlords
  2 stone giants (Depths:1)
  A minotaur (Gauntlet)
  Snorg (Orc:2)
  An ettin (Depths:1)
  The ghost of zenocrate the Martial Artist, a journeyman DsGl of Ru (Lair:2)
  A green death (Gauntlet)
  Erolcha (D:11)
  2 ice dragons
  3 ogre magi
  6 hydras
  3 centaur warriors
  A hell hog (Lair:5)
  4 boulder beetles
  A catoblepas (Lair:5)
  A deep troll shaman (Depths:1)
  2 orc high priests (Orc:2)
  15 two-headed ogres
  A tengu warrior (Gauntlet)
  A deep troll earth mage (D:15)
  8 death yaks
  A deep elf knight (Orc:2)
  The ghost of cforsyth the Lord of Darkness, a novice MDNe of Kikubaaqudgha (D:8)
  Sonja (Lair:3)
  A soul eater (Gauntlet)
  2 skysharks
  5 skeletal warriors (D:13)
  An orb spider (Lair:2)
  4 deep trolls (Depths:1)
  A swamp dragon (Lair:5)
  2 bog bodies (Lair:3)
  3 deep elf pyromancers
  A deep elf zephyrmancer (Orc:2)
  5 orc knights
  21 ugly things
  Maurice (D:9)
  5 cyclopes
  7 orc sorcerers
  4 black mambas
  5 kobold blastminers (Orc:2)
  A torpor snail (Lair:5)
  24 elephants
  16 cane toads
  A kobold demonologist (D:5)
  An unseen horror (shapeshifter) (D:15)
  2 efreet (D:15)
  7 rime drakes
  Maggie (D:9)
  8 komodo dragons
  A queen bee (Lair:3)
  6 trolls
  A polar bear (shapeshifter) (D:15)
  A hornet (shapeshifter) (D:15)
  2 dream sheep
  A hornet (Lair:1)
  10 polar bears
  5 raiju (Lair:5)
  17 blink frogs
  4 slime creatures (D:14)
  2 wraiths
  A shadow (D:8)
  A vampire (D:9)
  4 wyverns
  73 yaks
  7 basilisks
  3 hogs (D:13)
  A human (D:13)
  A steam dragon (Lair:5)
  10 wargs
  9 vampire mosquitoes
  12 hell hounds (Lair:5)
  3 acid dragons
  48 orc warriors
  14 water moccasins
  An ice beast (D:6)
  A sky beast (D:6)
  12 black bears
  18 ogres
  4 centaurs
  38 wolves
  2 phantoms
  5 kobold brigands
  13 bullfrogs
  3 gnoll sergeants
  26 killer bees
  2 electric eels
  8 howler monkeys
  4 bombardier beetles
  13 jellies (Lair:4)
  Crazy Yiuf (D:3)
  A sleepcap (D:7)
  31 orc priests
  3 gnoll boudas
  7 hounds
  Jessica (D:2)
  6 iguanas
  Ijyb (Temple)
  36 orc wizards
  23 gnolls
  6 adders
  5 shadow imps
  A white imp (D:7)
  3 ribbon worms
  4 dart slugs
  110 orcs
  9 bats
  6 endoplasms
  4 giant cockroaches
  10 goblins
  13 hobgoblins
  4 jackals
  A quokka (D:1)
  9 ball pythons
  3 frilled lizards
  16 kobolds
  7 rats
901 creatures vanquished.

Vanquished Creatures (collateral kills)
  2 vault guards (D:13)
  An unseen horror (D:13)
  2 tengu conjurers (Gauntlet)
  A troll (D:13)
  8 humans (D:13)
  A centaur (D:13)
15 creatures vanquished.

Vanquished Creatures (others)
  A human (D:13)
  An iguana (Lair:5)
  3 orcs
  2 butterflies (Lair:2)
7 creatures vanquished.

Grand Total: 923 creatures vanquished

Notes
Turn   | Place    | Note
-------+----------+-------------------------------------------
     0 | D:1      | anacleto the Troll Shapeshifter began the quest for the
                  | Orb.
     0 | D:1      | Reached XP level 1. HP: 18/18 MP: 0/0
   102 | D:1      | Reached skill level 1 in Fighting
   103 | D:1      | Reached XP level 2. HP: 27/27 MP: 1/1
   357 | D:1      | Got Ziplecwomo's Grimoire of the Playwright
   527 | D:1      | Reached XP level 3. HP: 33/33 MP: 2/2
   658 | D:2      | Noticed Jessica
   668 | D:2      | Killed Jessica
   759 | D:2      | Reached XP level 4. HP: 41/41 MP: 3/3
  1102 | D:2      | Reached skill level 1 in Throwing
  1522 | D:3      | Reached skill level 4 in Shapeshifting
  1522 | D:3      | Reached XP level 5. HP: 41/49 MP: 4/4
  2126 | D:3      | Found a runed translucent door.
  2127 | D:3      | Noticed Crazy Yiuf
  2149 | D:3      | Killed Crazy Yiuf
  2306 | D:4      | Reached XP level 6. HP: 38/57 MP: 5/5
  2418 | D:4      | Found a staircase to the Ecumenical Temple.
  2446 | Temple   | Entered the Ecumenical Temple
  2456 | Temple   | Became a worshipper of the Shining One
  2491 | D:4      | Noticed Ijyb
  2541 | Temple   | Killed Ijyb
  2637 | D:4      | Found a hazy altar of Hepliaklqana.
  2790 | D:5      | Entered Level 5 of the Dungeon
  2871 | D:5      | Reached skill level 5 in Shapeshifting
  2945 | D:5      | Reached XP level 7. HP: 53/66 MP: 6/6
  3116 | D:5      | Reached skill level 6 in Shapeshifting
  3365 | D:5      | Found a shadowy altar of Dithmenos.
  3547 | D:6      | Reached skill level 7 in Shapeshifting
  3564 | D:6      | Reached XP level 8. HP: 74/74 MP: 7/7
  3737 | D:6      | Reached skill level 8 in Shapeshifting
  3826 | D:6      | Reached * piety under the Shining One
  4078 | D:6      | Noticed a kobold demonologist
  4149 | D:6      | Noticed a sun demon
  4165 | D:6      | Noticed a rust devil
  4169 | D:5      | Killed a kobold demonologist
  4170 | D:5      | Reached skill level 1 in Invocations
  4371 | D:6      | Reached skill level 9 in Shapeshifting
  4371 | D:6      | Reached XP level 9. HP: 81/81 MP: 9/9
  4499 | D:6      | Reached skill level 5 in Unarmed Combat
  4614 | D:6      | Reached ** piety under the Shining One
  5621 | D:7      | Reached skill level 10 in Shapeshifting
  5849 | D:8      | Reached XP level 10. HP: 93/93 MP: 11/11
  6121 | D:8      | Identified a scroll of acquirement
  6122 | D:8      | Acquired a manual of Invocations
  6236 | D:8      | Found a runed translucent gate.
  6236 | D:8      | Found a runed translucent gate.
  6237 | D:8      | Found a runed translucent gate.
  6237 | D:8      | Noticed cforsyth's ghost (novice MDNe)
  6393 | D:9      | Noticed Maggie
  6398 | D:9      | Paralysed by Maggie for 4 turns
  6405 | D:9      | Killed Maggie
  6623 | D:9      | Reached skill level 5 in Dodging
  6640 | D:9      | Reached *** piety under the Shining One
  6820 | D:9      | Reached skill level 5 in Invocations
  6937 | D:9      | Noticed Maurice
  6945 | D:9      | Killed Maurice
  6946 | D:9      | Reached skill level 5 in Fighting
  7327 | D:10     | Entered Level 10 of the Dungeon
  7333 | D:10     | Found Jimougo's Weapon Boutique.
  7400 | D:10     | Reached skill level 11 in Shapeshifting
  7400 | D:10     | Found a staircase to the Lair.
  7534 | D:10     | Noticed a two-headed ogre
  7544 | D:10     | Killed a two-headed ogre
  7549 | D:10     | Reached XP level 11. HP: 98/104 MP: 14/14
  7705 | D:10     | Noticed a death yak
  7710 | D:10     | Killed a death yak
  8183 | D:11     | Found Ritwoug's Assorted Antiques.
  8192 | D:11     | Bought a scroll of identify for 64 gold pieces
  8192 | D:11     | Bought a smoky green potion for 28 gold pieces
  8192 | D:11     | Bought a green potion for 28 gold pieces
  8192 | D:11     | Bought a scroll of teleportation for 96 gold pieces
  8209 | D:11     | Noticed a centaur warrior
  8209 | D:11     | Noticed an ogre mage
  8209 | D:11     | Noticed a boulder beetle
  8209 | D:11     | Noticed a tengu warrior
  8209 | D:11     | Noticed a tengu warrior
  8209 | D:11     | Noticed a centaur warrior
  8212 | D:11     | Noticed a boulder beetle
  8233 | D:11     | Killed a boulder beetle
  8392 | D:11     | Noticed a centaur warrior
  8401 | D:11     | Noticed a boulder beetle
  8402 | D:11     | Noticed a boulder beetle
  8589 | D:11     | Noticed Erolcha
  8594 | D:11     | Killed Erolcha
  9008 | D:12     | Found a staircase to the Orcish Mines.
  9070 | D:12     | Reached **** piety under the Shining One
  9122 | D:12     | Reached skill level 12 in Shapeshifting
  9227 | D:12     | Noticed a deep elf pyromancer
  9247 | D:12     | Killed a deep elf pyromancer
 10008 | D:13     | Noticed Kirke
 10008 | D:13     | Noticed a skeletal warrior
 10009 | D:13     | Noticed a skeletal warrior
 10010 | D:13     | Noticed a skeletal warrior
 10012 | D:13     | Noticed a sphinx
 10071 | D:13     | Noticed a deep elf pyromancer
 10077 | D:13     | Noticed a two-headed ogre
 10101 | D:13     | Killed a deep elf pyromancer
 10102 | D:13     | Reached XP level 12. HP: 98/115 MP: 16/16
 10104 | D:13     | Killed a two-headed ogre
 10181 | D:13     | Found Zeicanif's Demolitions Depot.
 10287 | D:13     | Noticed a boulder beetle
 10334 | D:13     | Killed a boulder beetle
 10417 | D:13     | Noticed a boulder beetle
 10428 | D:13     | Killed a boulder beetle
 10708 | D:13     | Killed Kirke
 10839 | D:13     | Reached ***** piety under the Shining One
 10840 | D:13     | Reached skill level 13 in Shapeshifting
 10937 | D:13     | You fall into a shaft and drop 2 floors!
 10937 | D:15     | Entered Level 15 of the Dungeon
 10987 | D:15     | Noticed a centaur warrior
 11003 | D:15     | Killed a centaur warrior
 11425 | D:14     | Noticed an eight-headed hydra
 11431 | D:14     | Noticed a centaur warrior
 11434 | D:14     | Killed an eight-headed hydra
 11441 | D:14     | Killed a centaur warrior
 11514 | D:14     | Reached XP level 13. HP: 76/124 MP: 19/19
 11881 | D:13     | Reached skill level 10 in Invocations
 11896 | D:13     | Found a gate to the Vaults.
 12028 | D:13     | Bought a phial of floods for 720 gold pieces
 12117 | Orc:1    | Entered Level 1 of the Orcish Mines
 12117 | Orc:1    | Noticed an orc warlord
 12130 | D:12     | Killed an orc warlord
 12230 | Orc:1    | Paralysed by an orc sorcerer for 5 turns
 12319 | D:12     | Reached skill level 14 in Shapeshifting
 12758 | Orc:2    | Entered Level 2 of the Orcish Mines
 12794 | Orc:2    | Noticed Snorg
 12809 | Orc:2    | Killed Snorg
 12900 | Orc:2    | Paralysed by an orc sorcerer for 3 turns
 13005 | Orc:1    | Found a roughly hewn altar of Beogh.
 13259 | Orc:2    | Found a staircase to the Elven Halls.
 13326 | Orc:2    | Found a roughly hewn altar of Beogh.
 13344 | Orc:2    | Found Aqentiol's Assorted Antiques.
 13359 | Orc:2    | Bought a silvery potion for 21 gold pieces
 13382 | Orc:2    | Bought a runed lead wand for 96 gold pieces
 13419 | Orc:2    | Found a roughly hewn altar of Beogh.
 13913 | Orc:2    | Found a roughly hewn altar of Beogh.
 14280 | Orc:2    | Noticed an orc warlord
 14381 | Orc:2    | Reached skill level 10 in Unarmed Combat
 14666 | Orc:1    | Killed an orc warlord
 14727 | Orc:2    | Found a roughly hewn altar of Beogh.
 14745 | Orc:2    | Reached XP level 14. HP: 137/137 MP: 21/21
 14843 | Orc:2    | Noticed an orc warlord
 14856 | Orc:2    | Killed an orc warlord
 15249 | Orc:2    | Found a roughly hewn altar of Beogh.
 15257 | Orc:2    | Found Vyitenk's Assorted Antiques.
 15263 | Orc:2    | Bought a scroll of teleportation for 75 gold pieces
 15320 | Orc:2    | Found a roughly hewn altar of Beogh.
 15395 | Orc:2    | Found Hepysice's Antique Weapon Shoppe.
 15403 | Orc:2    | Found a roughly hewn altar of Beogh.
 15458 | Orc:2    | Found Siosomog's Antique Armour Emporium.
 15799 | Lair:1   | Entered Level 1 of the Lair of Beasts
 16183 | Lair:1   | Reached skill level 15 in Shapeshifting
 16735 | Lair:2   | Found a runed translucent gate.
 16735 | Lair:2   | Found a runed translucent gate.
 16735 | Lair:2   | Found a runed translucent gate.
 16735 | Lair:2   | Noticed zenocrate's ghost (journeyman DsGl)
 17092 | Lair:2   | Found a hole to the Spider Nest.
 17482 | Lair:2   | Killed zenocrate's ghost
 17489 | Lair:2   | Identified the ring of Niecel {Wiz rN+}
 17800 | Lair:3   | Reached skill level 16 in Shapeshifting
 17882 | Lair:3   | Found a staircase to the Swamp.
 18014 | Lair:3   | Noticed Sonja
 18021 | Lair:3   | Killed Sonja
 18880 | Lair:4   | Reached XP level 15. HP: 145/145 MP: 22/22
 18956 | Lair:4   | Found a staircase to the Slime Pits.
 19232 | Lair:4   | Reached skill level 17 in Shapeshifting
 19468 | Lair:5   | Entered Level 5 of the Lair of Beasts
 19501 | Lair:5   | Found a gate leading to a gauntlet.
 19509 | Gauntlet | Entered a Gauntlet
 19509 | Gauntlet | Found the +4 Cigotuvi's embrace {Corpsefed rMiasma ^Drain
                  | rN+}
 19509 | Gauntlet | Found a transporter.
 19509 | Gauntlet | Found a runed translucent door.
 19509 | Gauntlet | Found a transporter.
 19539 | Gauntlet | Found a runed translucent door.
 19547 | Gauntlet | Found a transporter.
 19547 | Gauntlet | Found a transporter.
 19588 | Gauntlet | Found a transporter.
 19588 | Gauntlet | Found a transporter.
 19609 | Gauntlet | Found a transporter.
 19610 | Gauntlet | Found a transporter.
 19613 | Gauntlet | Found a transporter.
 19613 | Gauntlet | Found a transporter.
 19777 | Gauntlet | Found a transporter.
 19795 | Gauntlet | Identified the ring "Ifrynom" {Int+6 Dex+3}
 19819 | Gauntlet | Found a transporter.
 19870 | Gauntlet | Identified the +11 sling "Widowmaker" {flame, Will+ Dex+3
                  | SInv}
 20273 | Lair:5   | Reached skill level 18 in Shapeshifting
 21283 | Lair:5   | Reached skill level 19 in Shapeshifting
 21358 | Lair:5   | Identified the maw talisman of Trial and Error {rPois SInv
                  | Stlth-}
 21406 | Lair:5   | Reached ****** piety under the Shining One
 21686 | Lair:5   | Reached XP level 16. HP: 154/154 MP: 23/23
 22062 | D:8      | Killed cforsyth's ghost
 22255 | D:14     | Found a portal to a secret trove of treasure.
 23208 | D:15     | Reached skill level 20 in Shapeshifting
 23841 | D:15     | Found a staircase to the Depths.
 24047 | Depths:1 | Entered Level 1 of the Depths
 24461 | Depths:1 | Noticed the Enchantress
 24473 | Depths:1 | Killed the Enchantress
 24474 | Depths:1 | HP: 1/184 [spriggan defender/+3 vampiric lajatang[the
                  | Enchantress] (28)]
 24474 | Depths:1 | Slain by a spriggan defender

Illustrated notes

Levels and vault maps discovered:
D:1:      dpeg_arrival_arbitrary_b, layout_loops_cross, minmay_cut_off
D:2:      layout_basic, roderic_serpentine_path, uniq_jessica
D:3:      layout_basic, uniq_crazy_yiuf_cottage
D:4:      layout_cave_pools, mainiacjoe_overflow_brackets,
          minmay_temple_entry_slanted, uniq_ijyb
D:5:      layout_rooms, nicolae_dithmenos_the_darkroom
D:6:      lemuel_castle_with_subvaults [lemuel_castle_interior_original],
          layout_rooms, abandoned_shop
D:7:      layout_basic
D:8:      layout_basic, gammafunk_ghost_spectres
D:9:      layout_irregular_city, serial_bayou_pond_d, uniq_maurice, uniq_maggie
D:10:     layout_rooms, david_lair_generic, serial_shops,
          nicolae_shop_temple_entry_statues_fountains
D:11:     layout_cave_pods, serial_shops, shop, minivault_12, uniq_erolcha
D:12:     layout_loops_ring, orc_0_dummy, chequers_serial_rivers_marsh
D:13:     layout_basic, ximxim_vaults_locker_room, nicolae_blasting_shop,
          small_statue_intersection, uniq_kirke
D:14:     cheibrodos_orc_bank, layout_basic, nicolae_trove_entry_crossroad,
          minmay_misc_feat_square
D:15:     hellmonk_depths_entry_around_the_bend, layout_basic
Temple:   nicolae_temple_slightly_damp_pantheon
Lair:1:   layout_chaotic_city, nicolae_lair_lil_pond, grunt_forest_stairs_basic,
          patterned_corridor, grunt_megastairs_4
Lair:2:   layout_chaotic_city, nicolae_spider_entry_orb_guardian,
          gammafunk_ghost_split, lemuel_old_faithful, grunt_megastairs_2,
          lemuel_fruit_fields
Lair:3:   layout_cellular_growth, skrybe_swamp_entry_bodies, special_room
          [special_room_bee], serial_bayou_shore_a, uniq_sonja
Lair:4:   layout_hall_layers, minmay_slime_entry_jelly_boxes,
          infiniplex_staircase_pool
Lair:5:   hangedman_lair_caniforms_friends, layout_layer_cave,
          guppyfry_lair_end_dragon, gauntlet_entry_generic
Orc:1:    layout_caves, basic_altar, nicolae_orc_flooded_monolith
Orc:2:    grunt_orc_community_town_hall, layout_caves,
          grunt_orc_community_big_house_2, grunt_orc_community_big_house_1,
          grunt_orc_community_house_3, grunt_orc_community_house_2,
          grunt_orc_community_house_2, grunt_orc_community_house_1,
          grunt_orc_community_house_1, nicolae_orc_rockfall, elf_legates,
          uniq_snorg
Depths:1: layout_roguey, pf_hell_entry_tar_river, tso_metal_star, minislime_mu,
          uniq_sojobo, uniq_enchantress, uniq_boris

Skill      XL: |  1  2  3  4  5  6  7  8  9 10 11 12 13 14 15 16 |
---------------+-------------------------------------------------+-----
Fighting       | 1 2 3 4 5 6 7 8 |  8.9
Dodging        | 2 3 4 5 6 7 8 9 |  9.0
Throwing       | 1 2 |  2.2
Shapeshifting  | 4 5 7 9 10 11 12 13 14 16 19 20 | 20.9
Unarmed Combat | 4 5 6 8 9 10 | 10.7
Invocations    | 1 3 5 7 9 11 | 11.9

Action                     |  1- 3 |  4- 6 |  7- 9 | 10-12 | 13-15 | 16-18 || total
---------------------------+-------+-------+-------+-------+-------+-------++-------
  Melee: Unarmed           |    84 |   159 |   254 |   416 |  1259 |   234 ||  2406
         Punch             |       |     3 |       |       |       |       ||     3
         Constrict         |       |       |    52 |   102 |   307 |    58 ||   519
 Invoke: Divine Shield     |       |       |     1 |       |    17 |     7 ||    25
         Cleansing Flame   |       |       |       |       |     2 |       ||     2
         Summon Divine War |       |       |       |       |     2 |     1 ||     3
Ability: Begin Untransform |       |     1 |     1 |     2 |     1 |       ||     5
  Evoke: Wand              |       |       |     5 |     5 |     3 |       ||    13
    Use: Potion            |       |     5 |       |     3 |     3 |     1 ||    12
         Scroll            |       |     7 |     1 |     9 |    13 |     3 ||    33
 Armour: Animal skin       |    62 |    33 |       |       |       |       ||    95
         Skin              |       |    43 |   121 |   270 |  1092 |   145 ||  1671
  Dodge: Dodged            |    54 |    79 |   161 |   270 |  1337 |   145 ||  2046
  Block: Other             |       |       |     5 |       |   174 |    27 ||   206
   Form: Flux              |       |     1 |       |       |       |       ||     1
         Serpent           |       |       |     1 |     2 |     1 |       ||     4

Table legend: (Time is in decaauts)
 A = Elapsed time spent in this place.
 B = Non-inter-level travel time spent in this place.
 C = Inter-level travel time spent in this place.
 D = Time resting spent in this place.
 E = Time spent auto-exploring this place.
 F = Levels seen in this place.
 G = Mean time per level.
                   A        B        C        D        E       F      G
               +--------+--------+--------+--------+--------+-----+--------+
         Total |  24201 |  23077 |   1124 |   4424 |  11942 |  25 |  968.0 |
       Dungeon |  14869 |  14041 |    828 |   2750 |   7642 |  15 |  991.3 |
        Temple |     69 |     69 |      0 |     32 |      0 |   1 |   69.0 |
          Lair |   5674 |   5464 |    210 |    366 |   3382 |   5 | 1134.8 |
  Orcish Mines |   3010 |   2925 |     85 |   1008 |    885 |   2 | 1505.0 |
        Depths |    218 |    218 |      0 |    145 |      0 |   1 |  218.0 |
      Gauntlet |    359 |    359 |      0 |    122 |     33 |   1 |  359.0 |
               +--------+--------+--------+--------+--------+-----+--------+

Top non-repeatable levels by time:
  Lair:5: 1982 daAuts
   Orc:2: 1765 daAuts
    D:14: 1664 daAuts
    D:13: 1475 daAuts
    D:12: 1348 daAuts
     D:6: 1309 daAuts
   Orc:1: 1244 daAuts
  Lair:3: 1179 daAuts
    D:15: 1150 daAuts
    D:11: 1088 daAuts
     D:5: 957 daAuts
  Lair:2: 951 daAuts
     D:9: 916 daAuts
     D:3: 883 daAuts
  Lair:1: 859 daAuts
